 Dungeon Crawl Stone Soup version 0.21-a0-584-g185da8e (webtiles) character file.

9676 SpeedyPerson7 the Severer (level 11, 0/157 HPs)
             Began as a Minotaur Berserker on Dec 20, 2017.
             Was a High Priest of Trog.
             Slain by a 13-headed hydra (5 damage)
             ... on level 1 of the Lair of Beasts.
             The game lasted 00:07:31 (6930 turns).

SpeedyPerson7 the Severer (Minotaur Berserker)      Turns: 6930, Time: 00:07:32

Health: 0/157      AC: 13    Str: 29    XL:     11   Next: 26%
Magic:  10/10      EV: 11    Int:  4    God:    Trog [*****.]
Gold:   159        SH:  0    Dex: 11    Spells: 10/10 levels left

rFire    . . .     SeeInvis .   o - +0 broad axe
rCold    . . .     Gourm    .   (no shield)
rNeg     . . .     Faith    .   C - +0 plate armour
rPois    .         Spirit   .   (helmet restricted)
rElec    .         Reflect  .   (no cloak)
rCorr    +         Harm     .   (no gloves)
MR       .....                  c - +1 pair of boots
Stlth    ..........             (no amulet)
HPRegen  0.36/turn              E - +3 ring of evasion
MPRegen  0.12/turn              z - ring of resist corrosion

@: berserking, very quick
A: retaliatory headbutt, horns 2
a: Berserk, Trog's Hand, Brothers in Arms, Burn Spellbooks, Renounce Religion


You were on level 1 of the Lair of Beasts.
You worshipped Trog.
Trog was extremely pleased with you.
You were not hungry.

You visited 2 branches of the dungeon, and saw 11 of its levels.

You collected 279 gold pieces.
You spent 120 gold pieces at shops.

Inventory:

Hand Weapons
 o - a +0 broad axe (weapon)
Missiles
 s - a throwing net (quivered) {!f}
Armour
 c - a +1 pair of boots (worn)
 n - a +0 chain mail
 C - a +0 plate armour (worn)
Jewellery
 z - a ring of resist corrosion (right hand)
 E - a +3 ring of evasion (left hand)
Wands
 a - a wand of disintegration (16)
 q - a wand of paralysis (20)
 x - a wand of polymorph (15)
 D - a wand of flame (18)
Scrolls
 f - 3 scrolls of amnesia {unknown}
 i - 10 scrolls of identify
 j - a scroll of fog
 m - 2 scrolls of enchant armour
 p - 2 scrolls of teleportation {unknown}
 r - 7 scrolls of remove curse
 t - 2 scrolls of fear {unknown}
 v - a scroll of noise {unknown}
 y - 2 scrolls of blinking {unknown}
 A - a scroll of vulnerability {unknown}
Potions
 b - a potion of haste {unknown}
 d - 2 potions of brilliance
 g - 3 potions of curing {unknown}
 h - 4 potions of lignification {!q}
 k - a potion of flight
 l - a potion of cancellation
 u - a potion of experience {unknown}
 w - 2 potions of heal wounds {unknown}
Comestibles
 e - 10 rations


   Skills:
 + Level 12.4 Fighting
 * Level 16.4 Axes
 - Level 2.4 Armour
 - Level 2.1 Dodging


You had 10 spell levels left.
You didn't know any spells.

Dungeon Overview and Level Annotations

Branches:
Dungeon (10/15)            Temple (0/1) D:4            Lair (1/6) D:10
    Orc: D:9-12

Altars:
Fedhas
Gozag
Kikubaaqudgha
Nemelex Xobeh
Sif Muna

Shops:
D:9 *


Innate Abilities, Weirdness & Mutations

You reflexively headbutt those who attack you in melee.
You have a pair of horns on your head.


Message History

* * * LOW HITPOINT WARNING * * *
You slice one of the 12-headed hydra's heads off!
The 11-headed hydra grows two more!
You slash the 13-headed hydra! You headbutt the 13-headed hydra!!
The 13-headed hydra is almost dead.
You barely miss the wolf. You miss the wolf. The 13-headed hydra bites you!
* * * LOW HITPOINT WARNING * * *
The 13-headed hydra closely misses you.
The 13-headed hydra bites you but does no damage.
The 13-headed hydra bites you.
* * * LOW HITPOINT WARNING * * *
The 13-headed hydra bites you.
* * * LOW HITPOINT WARNING * * *
The 13-headed hydra bites you but does no damage.
The 13-headed hydra closely misses you. The 13-headed hydra bites you.
* * * LOW HITPOINT WARNING * * *
The 13-headed hydra misses you. The 13-headed hydra bites you.
* * * LOW HITPOINT WARNING * * *
The 13-headed hydra bites you.
You die...

... .. ###... #.# ...... ..
......# .# #
......P#####.##.##.
..................
.#.#.P#hh....##..#.
......D@..?.........
##.#####..#.##..##.. ....
................... ....#
#.....###.)......#
#......##.....#.#.......##
...........................
#.#..#..P#P......P##.##.###
.........................
####....##.PP##...........#


You could see a 13-headed hydra and 2 wolves.

Vanquished Creatures
  Josephine (D:10)
  A hydra (Lair:1)
  Pikel (D:4)
  A spiny frog (Lair:1)
  Grinder (D:5)
  A hippogriff (D:9)
  9 blink frogs
  A spriggan (D:8)
  3 wraiths (D:10)
  2 wyverns
  Edmund (D:5)
  A water moccasin (D:6)
  3 porcupines (D:10)
  2 sky beasts
  2 slaves (D:4)
  3 eyes of draining
  An ice beast (D:5)
  3 orc warriors
  A black bear (D:9)
  A phantom (D:5)
  A wolf (Lair:1)
  6 ogres
  2 centaurs
  2 crocodiles
  5 bullfrogs
  A water moccasin skeleton (D:10)
  3 killer bees (D:10)
  3 howler monkeys (D:9)
  3 wights (D:7)
  2 crimson imps
  A centaur zombie (D:8)
  4 hounds
  An orc priest (D:9)
  A centaur skeleton (D:9)
  An iguana (D:5)
  7 orc wizards
  5 worker ants
  A hound zombie (D:5)
  A hound skeleton (D:5)
  9 adders
  7 gnolls (D:7)
  3 shadow imps
  An ooze (D:4)
  2 adder skeletons
  4 worms
  A dart slug (D:2)
  5 leopard geckos
  33 orcs
  4 giant cockroaches
  5 goblins
  7 hobgoblins
  6 jackals
  8 kobolds
  3 quokkas
  2 ball pythons
  2 bats
  A frilled lizard (D:3)
  A jackal zombie (D:5)
  A quokka skeleton (D:7)
  7 rats
  A fungus (D:10)
202 creatures vanquished.

Vanquished Creatures (collateral kills)
  The ghost of Amnesiac the Martial Artist, a journeyman OpTm of Okawaru (D:10)
1 creature vanquished.

Vanquished Creatures (others)
  A slave (D:4)
  A hound skeleton (D:4)
  An orc (D:4)
3 creatures vanquished.

Grand Total: 206 creatures vanquished

Notes
Turn   | Place    | Note
-------+----------+-------------------------------------------
     0 | D:1      | SpeedyPerson7 the Minotaur Berserker began the quest for the Orb.
     0 | D:1      | Reached XP level 1. HP: 19/19 MP: 0/0
   107 | D:1      | Reached skill level 4 in Axes
   565 | D:1      | Reached XP level 2. HP: 27/27 MP: 1/1
   643 | D:2      | Found a blossoming altar of Fedhas.
  1025 | D:2      | Found an ancient bone altar of Kikubaaqudgha.
  1195 | D:2      | Reached XP level 3. HP: 33/33 MP: 2/2
  1264 | D:3      | Reached skill level 5 in Axes
  1333 | D:3      | Reached ** piety under Trog
  1473 | D:3      | Reached XP level 4. HP: 40/41 MP: 3/3
  1623 | D:4      | Noticed Pikel
  1623 | D:4      | Noticed a slave
  1623 | D:4      | Noticed a slave
  1623 | D:4      | Noticed a slave
  1623 | D:4      | Noticed a slave
  1623 | D:4      | Noticed an ogre
  1627 | D:4      | Killed an ogre
  1627 | D:4      | Reached skill level 5 in Fighting
  1627 | D:4      | Reached skill level 6 in Axes
  1627 | D:4      | Reached XP level 5. HP: 48/48 MP: 4/4
  1629 | D:4      | Killed a slave
  1631 | D:4      | Killed a slave
  1632 | D:4      | Killed Pikel
  1632 | D:4      | Reached skill level 8 in Axes
  1632 | D:4      | Reached XP level 6. HP: 58/58 MP: 5/5
  1632 | D:4      | Reached XP level 7. HP: 64/64 MP: 6/6
  1902 | D:5      | Entered Level 5 of the Dungeon
  1992 | D:5      | Noticed Edmund
  2006 | D:5      | Killed Edmund
  2006 | D:5      | Reached skill level 9 in Axes
  2101 | D:5      | Found a sparkling altar of Nemelex Xobeh.
  2105 | D:5      | Noticed Grinder
  2129 | D:5      | Paralysed by Grinder for 6 turns
  2137 | D:5      | Killed Grinder
  2137 | D:5      | Reached *** piety under Trog
  2137 | D:5      | Reached XP level 8. HP: 45/73 MP: 7/7
  2139 | D:5      | Reached skill level 10 in Axes
  2638 | D:6      | Found an opulent altar of Gozag.
  2671 | D:6      | Reached skill level 11 in Axes
  3050 | D:7      | Reached **** piety under Trog
  3150 | D:7      | Reached XP level 9. HP: 79/82 MP: 8/8
  3189 | D:8      | Reached skill level 12 in Axes
  3942 | D:9      | Reached skill level 13 in Axes
  3980 | D:9      | Found a deep blue altar of Sif Muna.
  3994 | D:9      | Found Bucweaw's Assorted Antiques.
  4000 | D:9      | Bought a scroll of identify for 40 gold pieces
  4000 | D:9      | Bought 2 scrolls of identify for 80 gold pieces
  4097 | D:9      | Reached ***** piety under Trog
  4099 | D:9      | Reached skill level 10 in Fighting
  4455 | D:9      | Reached XP level 10. HP: 77/94 MP: 9/9
  4626 | D:10     | Entered Level 10 of the Dungeon
  4701 | D:10     | Noticed Amnesiac's ghost (journeyman OpTm)
  4733 | D:10     | HP: 3/94 [Amnesiac's ghost (10)]
  4737 | D:10     | Killed Amnesiac's ghost
  4737 | D:10     | Reached skill level 14 in Axes
  5095 | D:10     | Noticed Josephine
  5104 | D:10     | Killed Josephine
  5108 | D:10     | Reached skill level 15 in Axes
  5950 | D:10     | Found a staircase to the Lair.
  6026 | Lair:1   | Entered Level 1 of the Lair of Beasts
  6041 | D:10     | HP: 1/145 [blink frog (8)]
  6517 | Lair:1   | Noticed a five-headed hydra
  6525 | Lair:1   | Killed a nine-headed hydra
  6525 | Lair:1   | Reached skill level 16 in Axes
  6525 | Lair:1   | Reached XP level 11. HP: 104/104 MP: 10/10
  6916 | Lair:1   | Noticed a six-headed hydra
  6930 | Lair:1   | HP: 5/157 [13-headed hydra (6)]
  6930 | Lair:1   | Slain by a 13-headed hydra

Vault maps used:
D:1:      lightli_arrival_maybe_door_vault
D:2:      gammafunk_temple_overflow_wave, lemuel_doored_altar,
          kiku_gazebo_pond_becter, minitemple
D:3:      first_ration
D:4:      minmay_temple_entry_overgrown, uniq_pikel, uniq_ijyb
D:5:      ashenzari_conservatory_becter, corexii_leaking_fountain,
          minmay_misc_feat_iff, nemelex_xobeh_ov_fountains_minmay, uniq_edmund,
          uniq_grinder, uniq_eustachio
D:6:      nicolae_overflow_crystal_walls, lemuel_crystal_altar,
          old_standard_altar
D:7:      makhleb_altar_promises_db
D:8:      the_bakery
D:9:      serial_shops, nicolae_shop_overgrown_old_shop, basic_altar
D:10:     grunt_lair_entry_orc_guard_hut, st_stairs_12, uniq_josephine

Skill      XL: |  1  2  3  4  5  6  7  8  9 10 |
---------------+-------------------------------+-----
Axes           | 4 5 6 8 9 11 13 16 | 16.4
Fighting       | 4 5 6 7 8 10 12 | 12.4
Armour         | |  2.4
Dodging        | |  2.1

Action                   |  1- 3 |  4- 6 |  7- 9 | 10-12 || total
-------------------------+-------+-------+-------+-------++-------
Melee: Hand axe          |    76 |    14 |   265 |       ||   355
       Headbutt          |    15 |     5 |    63 |    18 ||   101
       Broad axe         |       |       |    48 |   139 ||   187
       War axe           |       |       |    40 |       ||    40
Invok: Berserk           |     1 |     1 |     7 |     6 ||    15
       Burn Spellbooks   |       |       |     2 |       ||     2
       Brothers in Arms  |       |       |       |     1 ||     1
  Use: Scroll            |       |       |    10 |       ||    10
  Eat: Chunk             |     3 |       |    13 |     5 ||    21
       Ration            |       |       |     1 |     3 ||     4
Armor: Animal skin       |     2 |       |       |       ||     2
       Chain mail        |    31 |     7 |   139 |    21 ||   198
       Plate armour      |       |       |       |    30 ||    30
Dodge: Dodged            |    36 |     7 |   150 |   114 ||   307

Table legend:
 A = Spawn XP
 B = Non-spawn XP
 C = Spawn XP percentage of total XP
 D = Spawn monster count
 E = Non-spawn monster count
 F = Spawn count percentage of total count
 G = Total turns spent on level
                    A         B        C        D         E        F      G
               +---------+---------+-------+---------+---------+-------+---------
         Total |       0 |   13823 |   0.0 |       0 |     200 |   0.0 |  6930
               +---------+---------+-------+---------+---------+-------+---------
           D:1 |       0 |      16 |   0.0 |       0 |      10 |   0.0 |   597
           D:2 |       0 |      25 |   0.0 |       0 |       6 |   0.0 |   619
           D:3 |       0 |      65 |   0.0 |       0 |      28 |   0.0 |   407
           D:4 |       0 |     823 |   0.0 |       0 |      17 |   0.0 |   279
           D:5 |       0 |     954 |   0.0 |       0 |      21 |   0.0 |   604
           D:6 |       0 |     487 |   0.0 |       0 |       9 |   0.0 |   309
           D:7 |       0 |     493 |   0.0 |       0 |      22 |   0.0 |   357
           D:8 |       0 |    1263 |   0.0 |       0 |      23 |   0.0 |   613
           D:9 |       0 |    1513 |   0.0 |       0 |      27 |   0.0 |   935
          D:10 |       0 |    4668 |   0.0 |       0 |      25 |   0.0 |  1766
        Lair:1 |       0 |    3516 |   0.0 |       0 |      12 |   0.0 |   444
               +---------+---------+-------+---------+---------+-------+---------
